 Dungeon Crawl Stone Soup version 0.30-a0-292-g0f741e3f8e (webtiles) character file.

Game seed: 13014308568479121515

1592 chippings the Transmogrifier (level 8, 0/60 HPs)
             Began as a Merfolk Gladiator on Oct 17, 2022.
             Was a Follower of Makhleb.
             Slain by Blork the orc
             ... wielding a +2 halberd of flaming
              (5 damage)
             ... on level 6 of the Dungeon.
             The game lasted 00:16:02 (4985 turns).

chippings the Transmogrifier (Merfolk Gladiator)    Turns: 4985, Time: 00:16:03

Health: 0/60       AC:  5    Str: 17    XL:     8   Next: 93%
Magic:  1/8        EV: 13    Int:  7    God:    Makhleb [*.....]
Gold:   128        SH:  0    Dex: 15    Spells: 2/7 levels left

rFire   . . .      SeeInvis .      - Unarmed
rCold   + . .      Faith    +    (shield currently unavailable)
rNeg    . . .      Spirit   .    o - +0 leather armour {rC+}
rPois   .          Reflect  .    c - +0 helmet
rElec   .          Harm     .    a - +0 cloak
rCorr   .          Rampage  .    (gloves currently unavailable)
Will    +....                    (no boots)
Stlth   +.........               g - amulet of faith
HPRegen 0.30/turn                r - ring of willpower
MPRegen 0.11/turn                (no ring)

@: blade hands (expiring)
A: (nimble swimmer 2), mertail
a: End Transformation, Renounce Religion


You were on level 6 of the Dungeon.
You worshipped Makhleb.
Makhleb was aware of your devotion.
You had blades for hands.
You visited 2 branches of the dungeon, and saw 7 of its levels.
You also visited: Ossuary.

You collected 337 gold pieces.
You spent 209 gold pieces at shops.

Inventory:

Hand Weapons
 p - a +4 dagger of electrocution (melded)
Missiles
 b - 7 atropa-tipped darts (quivered)
 d - 3 throwing nets
 e - 3 javelins
 s - a curare-tipped dart
Armour
 a - a +0 cloak (worn)
 c - a +0 helmet (worn)
 h - a +0 ring mail
 o - a +0 leather armour of cold resistance (worn)
 q - a +0 pair of gloves (melded)
Jewellery
 g - an amulet of faith (around neck)
 r - a ring of willpower (left blade hand)
Wands
 v - a wand of digging (7)
 w - a wand of flame (29)
 y - a wand of paralysis (4)
Scrolls
 f - a scroll of poison
 i - 3 scrolls of identify
 n - a scroll of teleportation
 t - 4 scrolls of fear
Potions
 j - a potion of flight
 k - 5 potions of brilliance
 l - a potion of heal wounds
 m - 3 potions of haste
 u - 3 potions of curing
 x - a potion of resistance
 z - 3 potions of attraction
 A - a potion of invisibility


   Skills:
 - Level 4.0 Fighting
 - Level 2.0 Short Blades
 - Level 4.6 Polearms
 - Level 2.0 Throwing
 - Level 5.0 Dodging
 + Level 3.3 Unarmed Combat
 + Level 11.9 Transmutations


You had 2 spell levels left.
You knew the following spells:

 Your Spells              Type           Power      Damage    Failure   Level
a - Blade Hands           Tmut           8%         N/A       50%         5

Your spell library contained the following spells:

 Spells                   Type           Power      Damage    Failure   Level
 Passwall                 Tmut/Erth      6%         N/A       41%         2
 Sandblast                Erth           0%         2d4       87%         1
 Petrify                  Tmut/Erth      8%         N/A       85%         4
 Irradiate                Conj/Tmut      4%         3d13      98%         5
 Stone Arrow              Conj/Erth      0%         3d7       99%         3
 Metabolic Englaciation   Hex/Ice        0%         N/A       100%        5
 Statue Form              Tmut/Erth      5%         N/A       100%        6
 Dragon Form              Tmut           8%         N/A       100%        7


Dungeon Overview and Level Annotations

Branches:
Dungeon (6/15)             Temple (1/1) D:5         Ossuary (visited)

Altars:
Ashenzari
Dithmenos
Fedhas
Gozag
Makhleb
Nemelex Xobeh
Qazlal
Ru
Sif Muna
Uskayaw
Vehumet
Xom
Yredelemnul
The Shining One

Shops:
D:3 *   D:4 !   D:6 :[

Annotations:
D:3 1 runed translucent door, Crazy Yiuf, Ijyb
D:6 Blork the orc


Innate Abilities, Weirdness & Mutations

You have blades for hands.
Your spellcasting is less reliable in this form.
You are incapable of wielding weapons or throwing items.
((You are very nimble when in or above water. (Stealth+, EV+, Speed+++)))
Your lower body shifts to a powerful aquatic tail in water.


Message History

Blork the orc comes into view.
He is wielding a +2 halberd of flaming.
A steam dragon comes into view.
Blork the orc shouts!
The steam dragon hisses angrily.
Your hands revert to their normal proportions.
Your +4 dagger of electrocution unmelds from your body.
Your +0 pair of gloves unmelds from your body.
You hear the crackle of electricity.
Blork the orc closely misses you.
Blork the orc gestures wildly while chanting.
Blork the orc seems to speed up.
Casting: Blade Hands (quite dangerous; 12% risk of failure)
Confirm with . or Enter, or press ? or * to list all spells.
The spell is quite dangerous to miscast (12% risk of failure)!
Continue anyway?
Your hands turn into razor-sharp scythe blades.
Your +4 dagger of electrocution melds into your body.
Your +0 pair of gloves melds into your body.
Your +4 dagger of electrocution stops crackling.
Blork the orc hits you from afar with a +2 halberd of flaming!
Blork the orc burns you.
Blork the orc curses repeatedly.
Your transformation is almost over.
Blork the orc barely misses you.
Blork the orc hits you from afar with a +2 halberd of flaming!
Blork the orc burns you. Blork the orc misses you.
You slash Blork the orc!
Blork the orc is heavily wounded.
Blork the orc casts a spell at you. The magic dart hits you.
Blork the orc hits you with a +2 halberd of flaming.
Blork the orc burns you.
You hit Blork the orc.
Blork the orc is severely wounded.
Blork the orc misses you.
You hit Blork the orc.
Blork the orc is severely wounded.
Blork the orc hits you with a +2 halberd of flaming!
* * * LOW HITPOINT WARNING * * *
Blork the orc burns you.
You die...

... .....#.. ....#
...... ....#.###...
...........##
......##....##
#..o##.#..##
#...D##..###### #
#..#o###......#
#.##..#@# ##.....#
......#.####.....#
.#........####.######
..........# #.......#
###<.......###.#.....#
#.)........)..#.....#
..
....................#
#.#
.##..>..............#
#.#
.##.......#####.....#


You could see Blork the orc (fast) and a steam dragon.

Vanquished Creatures
  A komodo dragon (D:5)
  A steam dragon (D:5)
  3 black bears
  A centaur (D:5)
  A kobold brigand (D:6)
  A bullfrog (D:4)
  3 scorpions
  3 centaur zombies (Ossuary)
  3 hounds
  2 jellies
  2 orc wizards
  5 mummies (Ossuary)
  4 gnolls (D:4)
  6 adders
  An ufetubus (D:3)
  2 worms
  3 dart slugs
  10 orcs
  9 ball pythons
  5 endoplasms
  2 giant cockroaches
  5 goblins
  3 hobgoblins (D:2)
  2 jackals (D:3)
  A quokka (D:5)
  8 bats
  2 frilled lizards
  A goblin zombie (D:5)
  10 kobolds
  3 rats
  A rat zombie (D:5)
104 creatures vanquished.

Notes
Turn   | Place    | Note
-------+----------+-------------------------------------------
     0 | D:1      | chippings the Merfolk Gladiator began the quest for the
                  | Orb.
     0 | D:1      | Reached XP level 1. HP: 16/16 MP: 1/1
   226 | D:1      | You fall into a shaft and drop 1 floor!
   343 | D:1      | Reached XP level 2. HP: 23/23 MP: 2/2
   932 | D:2      | Reached XP level 3. HP: 28/28 MP: 3/3
   990 | D:2      | Reached skill level 1 in Transmutations
  1264 | D:2      | Reached XP level 4. HP: 35/35 MP: 4/4
  1302 | D:2      | Found a shimmering altar of Xom.
  1794 | D:3      | Found Gozag's Platinum Reserve.
  1798 | D:3      | Found an opulent altar of Gozag.
  2177 | D:3      | Reached skill level 1 in Short Blades
  2186 | D:3      | Reached skill level 5 in Dodging
  2518 | D:3      | Found a runed translucent door.
  2519 | D:3      | Noticed Crazy Yiuf
  2519 | D:3      | Noticed Ijyb
  2600 | D:4      | Reached skill level 2 in Transmutations
  2649 | D:4      | Noticed a bullfrog
  2782 | D:4      | Reached XP level 5. HP: 41/41 MP: 5/5
  2867 | D:4      | Reached skill level 3 in Transmutations
  3034 | D:4      | Found a blossoming altar of Fedhas.
  3137 | D:4      | Reached skill level 4 in Transmutations
  3137 | D:4      | Reached XP level 6. HP: 48/48 MP: 6/6
  3147 | D:4      | Learned a level 5 spell: Blade Hands
  3370 | D:4      | Found Huarups's Distillery.
  3377 | D:4      | Bought 2 potions of heal wounds for 110 gold pieces
  3377 | D:4      | Bought a potion of curing for 33 gold pieces
  3377 | D:4      | Bought a potion of curing for 33 gold pieces
  3377 | D:4      | Bought a potion of curing for 33 gold pieces
  3570 | D:5      | Entered Level 5 of the Dungeon
  3571 | D:5      | Found a staircase to the Ecumenical Temple.
  3587 | D:5      | Reached skill level 5 in Transmutations
  3601 | Temple   | Entered the Ecumenical Temple
  3632 | Temple   | Became a worshipper of Makhleb the Destroyer
  3731 | D:5      | Reached skill level 6 in Transmutations
  3748 | D:5      | Reached skill level 7 in Transmutations
  3748 | D:5      | Reached XP level 7. HP: 45/54 MP: 7/7
  3843 | D:5      | Reached skill level 8 in Transmutations
  3910 | D:5      | Found a sand-covered staircase.
  3924 | Ossuary  | Entered an ossuary
  3966 | Ossuary  | Reached skill level 9 in Transmutations
  4082 | Ossuary  | Reached * piety under Makhleb
  4406 | D:5      | Noticed a komodo dragon
  4421 | D:5      | Killed a komodo dragon
  4422 | D:5      | Reached skill level 10 in Transmutations
  4422 | D:5      | Reached XP level 8. HP: 45/60 MP: 8/8
  4441 | D:5      | Reached skill level 11 in Transmutations
  4740 | D:6      | Found Feybbat's Book Emporium.
  4755 | D:6      | Reached skill level 1 in Unarmed Combat
  4895 | D:6      | Found Vuiplul's Antique Armour Shop.
  4971 | D:6      | Noticed Blork the orc
  4985 | D:6      | Slain by Blork the orc

Illustrated notes

Levels and vault maps discovered:
D:1:      lemuel_arrival_funnel, layout_basic
D:2:      layout_rooms, serial_aquarium, aquarium_bridge_long_joined
          [aquarium_subvault_window, aquarium_subvault_wall,
          aquarium_subvault_wall, aquarium_subvault_window,
          aquarium_subvault_bridge, aquarium_subvault_wall],
          aquarium_bridge_island_small [aquarium_subvault_small_open,
          aquarium_subvault_bridge, aquarium_subvault_bridge,
          aquarium_subvault_wall, aquarium_subvault_wall],
          aquarium_window_corridor_1, aquarium_window_1, aquarium_window_fake,
          aquarium_window_fake, aquarium_view_2d, basic_altar,
          minmay_misc_feat_more_columns, minmay_randomly_rotated_circles
D:3:      layout_basic, nicolae_gozag_zags_fifth_avenue, kennysheep_cross_room,
          uniq_crazy_yiuf_cottage, uniq_ijyb
D:4:      layout_loops_ring, mainiacjoe_overflow_brackets, serial_shops, shop
D:5:      layout_rooms, minmay_temple_entry_large_hall, enter_ossuary_4,
          hangedman_decor_clover_reticule, minmay_misc_feat_roman,
          dk_noncrumbling_3, minmay_small_thing
D:6:      layout_rooms, serial_shops, kennysheep_little_box,
          nicolae_shop_overgrown_old_shop, shop_fountains, shop,
          uniq_blork_the_orc
Temple:   hellmonk_temple_two_chambers

Skill      XL: |  1  2  3  4  5  6  7  8 |
---------------+-------------------------+-----
Transmutations | 1 2 4 7 10 11 | 11.9
Fighting       | 3 4 |  4.0
Short Blades   | 1 2 |  2.0
Dodging        | 5 |  5.0
Unarmed Combat | 3 |  3.3
Polearms       | |  4.6
Throwing       | |  2.0

Action                   |  1- 3 |  4- 6 |  7- 9 || total
-------------------------+-------+-------+-------++-------
Melee: Trident           |    70 |       |       ||    70
       Punch             |     1 |     4 |     1 ||     6
       Dagger            |    23 |   182 |   148 ||   353
       Unarmed           |       |       |    10 ||    10
Throw: Dart              |       |     2 |       ||     2
 Cast: Blade Hands       |       |       |     2 ||     2
Evoke: Wand              |       |     1 |       ||     1
  Use: Potion            |     2 |     2 |     3 ||     7
       Scroll            |       |    11 |     4 ||    15
 Stab: Invisible         |       |     1 |     3 ||     4
Armor: Leather armour    |     9 |       |     1 ||    10
       Ring mail         |    31 |    83 |    87 ||   201
Dodge: Dodged            |    57 |   118 |   173 ||   348

Table legend: (Time is in decaauts)
 A = Elapsed time spent in this place.
 B = Non-inter-level travel time spent in this place.
 C = Inter-level travel time spent in this place.
 D = Time resting spent in this place.
 E = Time spent auto-exploring this place.
 F = Levels seen in this place.
 G = Mean time per level.
                   A        B        C        D        E       F      G
               +--------+--------+--------+--------+--------+-----+--------+
         Total |   4938 |   4876 |     62 |     97 |   3083 |   8 |  617.2 |
       Dungeon |   4669 |   4607 |     62 |      0 |   3083 |   6 |  778.2 |
        Temple |     50 |     50 |      0 |      0 |      0 |   1 |   50.0 |
       Ossuary |    218 |    218 |      0 |     97 |      0 |   1 |  218.0 |
               +--------+--------+--------+--------+--------+-----+--------+

Top non-repeatable levels by time:
     D:4: 1011 daAuts
     D:5: 865 daAuts
     D:1: 851 daAuts
     D:3: 843 daAuts
     D:2: 839 daAuts
     D:6: 257 daAuts
 Ossuary: 218 daAuts
  Temple: 50 daAuts
